 Dungeon Crawl Stone Soup version 0.28-a0-1339-ga5422284a4 (webtiles) character file.

Game seed: 18245429317797981751

24019 browni3141 the Fencer (level 12, -8/87 HPs)
             Began as a Palentonga Berserker on Dec 28, 2021.
             Was a High Priest of Trog.
             Mangled by Snorg (12 damage)
             ... on level 12 of the Dungeon.
             The game lasted 00:22:15 (13710 turns).

browni3141 the Fencer (Palentonga Berserker)       Turns: 13710, Time: 00:22:15

Health: -8/87      AC: 26    Str: 25    XL:     12   Next: 77%
Magic:  12/12      EV:  8    Int:  5    God:    Trog [*****.]
Gold:   1733       SH:  0    Dex: 14    Spells: 11/11 levels left

rFire   + . .      SeeInvis +   a - +1 long sword (freeze)
rCold   + . .      Faith    .   (no shield)
rNeg    . . .      Spirit   .   K - +4 scale mail of the Dragon {Dex+4 Slay+6}
rPois   +          Reflect  .   W - +1 hat
rElec   .          Harm     .   x - +0 cloak
rCorr   .          Rampage  .   L - +2 pair of gloves
Will    ++...      Rage     50% (no barding)
Stlth   ..........              b - necklace of Bloodlust {*Rage Will++ Int-3 Slay+6}
HPRegen 0.24/turn               Y - ring "Yghe" {rPois rF+ rC+}
MPRegen 0.13/turn               u - +4 ring of protection

@: about to teleport, on berserk cooldown, slowed, invisible, curled up, very
slow
A: large, rugged brown scales 3, see invisible, deformed body, roll 1, armoured
tail, reflexive curl
a: Rolling Charge, Renounce Religion, Berserk, Trog's Hand, Brothers in Arms


You were on level 12 of the Dungeon.
You worshipped Trog.
Trog was extremely pleased with you.
You visited 1 branch of the dungeon, and saw 12 of its levels.
You also visited: Bailey.

You collected 1733 gold pieces.

Inventory:

Hand Weapons
 a - a +1 long sword of freezing (weapon)
 i - a +0 falchion
 M - a +2 long sword
Missiles
 t - 4 throwing nets
Armour
 x - a +0 cloak (worn)
 K - the +4 scale mail of the Dragon (worn) {Dex+4 Slay+6}
   (You found it on level 6 of the Dungeon)

   Dex:       It affects your dexterity (+4).
   Slay:      It affects your accuracy & damage with ranged weapons and melee
   (+6).
 L - a +2 pair of gloves (worn)
 S - an orb of wrath
 W - a +1 hat (worn)
Jewellery
 b - the necklace of Bloodlust (around neck) {*Rage Will++ Int-3 Slay+6}
   (You found it on level 7 of the Dungeon)

   [amulet of nothing]

   It extends the wearer's berserk rage when killing foes.
   Int:       It affects your intelligence (-3).
   Slay:      It affects your accuracy & damage with ranged weapons and melee
   (+6).
   *Rage:     It berserks you when you make melee attacks (+50% chance).
   Will:      It greatly increases your willpower.
 o - a ring of resist corrosion
 p - a +6 ring of intelligence
 q - a ring of ice
 s - an amulet of the acrobat
 u - a +4 ring of protection (right hand)
 y - a +6 ring of intelligence
 B - an amulet of faith
 T - an amulet of guardian spirit
 X - the ring "Naachide" {Ice Drain rElec Will++ Int+4}
   (You took it off a centaur warrior on level 9 of the Dungeon)

   [ring of ice]

   It enhances your ice magic.
   Int:       It affects your intelligence (+4).
   rF:        It makes you vulnerable to fire.
   rC:        It protects you from cold.
   rElec:     It insulates you from electricity.
   Drain:     It drains your maximum health when unequipped.
   Will:      It greatly increases your willpower.
 Y - the ring "Yghe" (left hand) {rPois rF+ rC+}
   (You acquired it on level 11 of the Dungeon)

   [ring of poison resistance]

   rF:        It protects you from fire.
   rC:        It protects you from cold.
   rPois:     It protects you from poison.
Wands
 z - a wand of flame (33)
 D - a wand of paralysis (15)
 H - a wand of polymorph (20)
Scrolls
 d - 3 scrolls of fear
 e - 3 scrolls of amnesia
 g - 6 scrolls of noise
 h - 3 scrolls of enchant armour
 m - 7 scrolls of vulnerability
 n - a scroll of torment
 v - 5 scrolls of teleportation
 A - 3 scrolls of magic mapping {unknown}
 N - 3 scrolls of enchant weapon
 R - a scroll of fog {unknown}
 U - a scroll of silence {unknown}
 V - a scroll of immolation {unknown}
Potions
 c - 4 potions of invisibility
 f - 4 potions of might {unknown}
 k - a potion of resistance {unknown}
 l - 2 potions of attraction {unknown}
 w - 3 potions of haste
 C - 2 potions of degeneration {unknown}
 E - a potion of cancellation {unknown}
 F - a potion of flight {unknown}
 G - 2 potions of ambrosia {unknown}
 I - a potion of magic {unknown}
 J - 4 potions of curing {unknown}
 O - a potion of brilliance {unknown}
 P - 2 potions of mutation {unknown}
Miscellaneous
 Q - a lightning rod (4/4)
 Z - a box of beasts


   Skills:
 * Level 3.6 Fighting
 - Level 20.7 Long Blades
 * Level 2.3 Armour
 * Level 2.3 Dodging
 * Level 1.6 Evocations


You had 11 spell levels left.
You didn't know any spells.
Your spell library contained the following spells:

 Spells                   Type           Power      Damage    Failure   Level
 Slow                     Hex            0%         N/A       77%         1
 Confusing Touch          Hex            0%         N/A       98%         3
 Vampiric Draining        Necr           0%         2d6       98%         3


Dungeon Overview and Level Annotations

Branches:
Dungeon (12/15)            Temple (0/1) D:7            Lair (0/6) D:11
    Orc (0/2) D:12         Bailey (visited)

Altars:
Ru

Shops:
D:8 *

Annotations:
D:12 Snorg


Innate Abilities, Weirdness & Mutations

You are completely covered in rugged brown scales. (AC +3, +7% HP)
You have supernaturally acute eyesight. (SInv)
Armour fits poorly on your strangely shaped body.
You can roll at nearby foes to attack.
You have a long armoured tail.
You curl defensively after being hit. (AC +7*)


Message History

Unknown command.
Blink to where?
Press: ? - help, Dir - move target
As you read the scroll of blinking, it crumbles to dust.
Unknown command.
As you read the scroll of teleportation, it crumbles to dust.
You feel strangely unstable.
Your surroundings suddenly seem different.
Found a chain mail, a shiny orb and a flail.
Unknown command.
You see here an orb of guile.
A yak comes into view.
You hear a shout!
The yak bellows!
You hear a bellow!
A yak comes into view. x2
The yak moves out of view.
You hear a bellow!
A yak comes into view.
You see here a +0 flail.
The yak moves out of view.
You hear a shout!
You hear a bellow!
As you read the scroll of teleportation, it crumbles to dust.
You feel strangely unstable. Snorg closely misses you. Snorg claws you!
Snorg claws you but does no damage. Snorg bites you!
Snorg claws you but does no damage. Snorg barely misses you. Snorg bites you!
* * * LOW HITPOINT WARNING * * *
Snorg claws you!
* * * LOW HITPOINT WARNING * * *
Snorg barely misses you.
Unknown command.
Okay, then.
Okay, then.
Okay, then.
Unknown command.
It was a potion of invisibility.
You fade into invisibility!
Snorg bites you!
* * * LOW HITPOINT WARNING * * *
Snorg barely misses you. Snorg claws you!
You die...

#....Z................
#.....................
####.....#####...[......
.....Z8......##..#######
.............##T.# ..
.............##.[# ##
......Z.......#..# #.
8.....>.....8.)###.#
..............YT@..#
.............#.#####
.............#..
......8......#..
####...YY### #..# .....Y
...# ...# .#


You could see Snorg (berserk) and a yak.

Vanquished Creatures
  A catoblepas (D:9)
  3 centaur warriors (D:9)
  A boulder beetle (D:9)
  2 two-headed ogres
  An orc high priest (Bailey)
  A deep troll (D:7)
  The ghost of pdpol the Archer, a novice GnWn of Ashenzari (D:6)
  4 manticores
  2 orc knights (Bailey)
  An ugly thing (D:9)
  A cyclops (D:9)
  Joseph (D:7)
  A komodo dragon (D:11)
  3 kobold demonologists
  5 trolls
  18 yaks
  A spriggan (D:8)
  6 wraiths
  3 shadows
  A wyvern (D:7)
  A basilisk (D:9)
  3 vampire mosquitoes (D:11)
  Menkaure (D:4)
  A steam dragon (D:6)
  Edmund (D:5)
  Duvessa (D:6)
  2 acid dragons (D:9)
  2 water moccasins
  A black bear (D:5)
  25 orc warriors
  2 ice beasts
  A sky beast (D:5)
  2 necrophages
  2 ogres (D:5)
  3 centaurs
  3 phantoms
  4 kobold brigands
  3 bullfrogs (D:9)
  A gnoll sergeant (D:9)
  A scorpion (D:5)
  Dowan (D:6)
  A water moccasin skeleton (D:5)
  2 troll zombies (D:12)
  A killer bee (D:9)
  4 wights
  2 howler monkeys (D:9)
  6 electric eels (Bailey)
  3 centaur zombies
  A bullfrog zombie (D:5)
  2 hounds
  A bullfrog skeleton (D:5)
  3 orc priests
  2 gnoll shamans
  2 jellies
  4 iguanas
  10 orc wizards
  A killer bee zombie (D:3)
  4 ogre zombies (D:12)
  A hound zombie (D:5)
  2 hound skeletons (D:5)
  3 howler monkey zombies
  22 gnolls
  7 adders
  2 shadow imps
  An ufetubus (D:6)
  A worm (D:2)
  3 dart slugs
  36 orcs
  5 endoplasms
  4 giant cockroaches
  7 hobgoblins
  3 quokkas
  4 ball pythons
  3 bats
  2 frilled lizards
  18 goblins
  2 goblin zombies (D:12)
  2 hobgoblin zombies (D:12)
  16 kobolds
  An orc skeleton (D:12)
  15 orc zombies (D:12)
  6 rats
  A spectral hobgoblin (D:2)
334 creatures vanquished.

Vanquished Creatures (collateral kills)
  A hydra (D:9)
  An orb spider (shapeshifter) (D:9)
  A troll (D:9)
3 creatures vanquished.

Vanquished Creatures (others)
  A slime creature (D:9)
  5 plants (D:11)
6 creatures vanquished.

Grand Total: 343 creatures vanquished

Notes
Turn   | Place    | Note
-------+----------+-------------------------------------------
     0 | D:1      | browni3141 the Palentonga Berserker began the quest for the
                  | Orb.
     0 | D:1      | Reached XP level 1. HP: 19/19 MP: 1/1
   169 | D:1      | Reached XP level 2. HP: 22/25 MP: 2/2
   338 | D:1      | You fall into a shaft and drop 1 floor!
   625 | D:2      | Reached skill level 4 in Long Blades
   685 | D:2      | Reached XP level 3. HP: 22/31 MP: 3/3
   920 | D:2      | Found a faded altar of an unknown god.
  2347 | D:3      | Reached XP level 4. HP: 35/37 MP: 4/4
  2520 | D:3      | Reached skill level 5 in Long Blades
  3075 | D:4      | Found a sacrificial altar of Ru.
  3076 | D:4      | Reached ** piety under Trog
  3367 | D:4      | Noticed Menkaure
  3371 | D:4      | Reached XP level 5. HP: 32/43 MP: 5/5
  3378 | D:4      | Killed Menkaure
  3379 | D:4      | Reached skill level 6 in Long Blades
  3379 | D:4      | Reached XP level 6. HP: 14/50 MP: 6/6
  3644 | D:4      | Reached skill level 7 in Long Blades
  3937 | D:5      | Entered Level 5 of the Dungeon
  4016 | D:5      | Reached skill level 8 in Long Blades
  4016 | D:5      | Gained mutation: You curl defensively after being hit. (AC
                  | +7*) [Palentonga growth]
  4016 | D:5      | Reached XP level 7. HP: 14/55 MP: 7/7
  4020 | D:5      | HP: 3/82 [gnoll (2)]
  4262 | D:5      | Noticed Edmund
  4281 | D:5      | Killed Edmund
  4547 | D:5      | Reached skill level 9 in Long Blades
  4623 | D:5      | Reached XP level 8. HP: 62/62 MP: 8/8
  4627 | D:5      | Reached skill level 10 in Long Blades
  4701 | D:5      | Reached *** piety under Trog
  4732 | D:5      | Reached skill level 11 in Long Blades
  5119 | D:6      | Reached skill level 12 in Long Blades
  5175 | D:6      | Reached XP level 9. HP: 39/67 MP: 9/9
  5764 | D:6      | Found a large runed translucent door.
  5765 | D:6      | Found a large runed translucent door.
  5767 | D:6      | Noticed pdpol's ghost (novice GnWn)
  5790 | D:6      | Noticed Duvessa
  5790 | D:6      | Noticed Dowan
  5808 | D:6      | Killed Duvessa
  5817 | D:6      | Killed Dowan
  6051 | D:6      | Killed pdpol's ghost
  6052 | D:6      | Reached skill level 13 in Long Blades
  6055 | D:6      | Identified the +4 scale mail of the Dragon {Dex+4 Slay+6}
  6315 | D:7      | Noticed a deep troll
  6326 | D:7      | Killed a deep troll
  6329 | D:7      | Found the necklace of Bloodlust {*Rage Will++ Int-3 Slay+6}
  6391 | D:7      | Noticed a two-headed ogre
  6399 | D:7      | Killed a two-headed ogre
  6400 | D:7      | Reached skill level 14 in Long Blades
  6608 | D:7      | Reached XP level 10. HP: 74/74 MP: 10/10
  6939 | D:7      | Noticed Joseph
  6947 | D:7      | Killed Joseph
  6948 | D:7      | Reached skill level 15 in Long Blades
  7033 | D:7      | Found a staircase to the Ecumenical Temple.
  7472 | D:8      | Found a flagged portal.
  7483 | Bailey   | Entered a bailey
  7650 | Bailey   | Noticed an orc knight
  7652 | Bailey   | Noticed an orc knight
  7663 | Bailey   | Killed an orc knight
  7669 | Bailey   | Killed an orc knight
  7670 | Bailey   | Reached skill level 16 in Long Blades
  8401 | Bailey   | Found an iron altar of Okawaru.
  8401 | Bailey   | Noticed an orc high priest
  8409 | Bailey   | Killed an orc high priest
  8410 | Bailey   | Reached XP level 11. HP: 80/80 MP: 11/11
  8414 | Bailey   | Reached skill level 17 in Long Blades
  9093 | D:8      | Found Bybun's Mayhem Merchandise.
  9640 | D:9      | Found a runed translucent door.
  9641 | D:9      | Found a runed translucent door.
  9749 | D:9      | Reached **** piety under Trog
  9815 | D:9      | Identified the +4 ring mail of the Four Brambles {*Corrode
                  | rPois Dex+3}
 10426 | D:9      | Reached skill level 18 in Long Blades
 10460 | D:9      | Noticed a centaur warrior
 10469 | D:9      | Identified the ring "Naachide" {Ice Drain rElec Will++
                  | Int+4}
 10469 | D:9      | Noticed a centaur warrior
 10472 | D:9      | Killed a centaur warrior
 10478 | D:9      | Killed a centaur warrior
 10598 | D:9      | Noticed a centaur warrior
 10603 | D:9      | Killed a centaur warrior
 10721 | D:9      | Found a runed translucent door.
 10735 | D:9      | Noticed a catoblepas
 10750 | D:9      | HP: 2/80 [catoblepas (26)]
 10752 | D:9      | Killed a catoblepas
 10753 | D:9      | Reached skill level 19 in Long Blades
 10753 | D:9      | Noticed a boulder beetle
 10757 | D:9      | Noticed an orb spider
 10764 | D:9      | Killed an orb spider
 10764 | D:9      | Reached ***** piety under Trog
 10790 | D:9      | Killed a boulder beetle
 10794 | D:9      | Reached XP level 12. HP: 37/86 MP: 12/12
 10842 | D:9      | Noticed a six-headed hydra
 11049 | D:9      | Killed a six-headed hydra
 11467 | D:10     | Entered Level 10 of the Dungeon
 11579 | D:10     | Noticed a two-headed ogre
 11583 | D:10     | Killed a two-headed ogre
 11595 | D:10     | Reached skill level 20 in Long Blades
 12336 | D:11     | Found a staircase to the Lair.
 12581 | D:11     | Acquired the ring "Yghe" {rPois rF+ rC+}
 12827 | D:11     | Acquired 944 gold pieces
 13255 | D:12     | Noticed a centaur warrior
 13257 | D:11     | Reached skill level 1 in Evocations
 13653 | D:12     | Received a gift from Trog
 13659 | D:12     | Found a staircase to the Orcish Mines.
 13691 | D:12     | Noticed Snorg
 13710 | D:12     | HP: 4/87 [Snorg (10)]
 13710 | D:12     | Mangled by Snorg

Illustrated notes

Levels and vault maps discovered:
D:1:      dpeg_arrival_arbitrary_b, layout_basic
D:2:      wad_pebble_path, layout_basic,
          dreamdust_ecumenical_altar_drowned_temple,
          chequers_serial_rivers_micro_c, minmay_crystal_water
D:3:      layout_loops_cross
D:4:      layout_loops_ring, mainiacjoe_overflow_cross_hatched, uniq_menkaure
D:5:      layout_cave_pools, dk_vineyard_3, minmay_joined_circles, uniq_edmund
D:6:      layout_basic, ebering_ghost_disaster_area, uniq_duvessa
D:7:      layout_basic, temple_hall, hellmonk_guarded_unrand_vitality_bloodlust,
          uniq_joseph
D:8:      layout_basic, enter_bailey_4, minmay_shop_mayhem, the_hattery
D:9:      minmay_the_grid_triangle_9x9_rhombus_full
          [minmay_the_grid_triangle_9x9_sparse_checkered,
          minmay_the_grid_triangle_9x9_from_above,
          minmay_the_grid_triangle_9x9_steps,
          minmay_the_grid_triangle_9x9_tough_junction,
          minmay_the_grid_triangle_9x9_dagger,
          minmay_the_grid_triangle_9x9_zippers_horizontal,
          minmay_the_grid_triangle_9x9_subtriangle,
          minmay_the_grid_triangle_9x9_prize_insulated], layout_rooms,
          minmay_fractal_squares_diagonal_5
D:10:     layout_basic
D:11:     layout_cave_pods, david_lair_shrubbed
D:12:     layout_grid_maze, zombieorc2_lemuel, serial_co_window_serial,
          co_window_paths_a, co_window_corner_a, co_window_corner_a,
          co_window_corner_a, co_window_of_opportunity_a, co_window_paths_a,
          co_window_of_opportunity_a, co_window_corner_b,
          co_window_of_opportunity_c, co_window_of_opportunity_c,
          co_window_broadway_c, co_window_broadway_b, glass_columns_a,
          glass_columns_b, glass_columns_a, glass_columns_c, glass_columns_a,
          onia_ninara_dug_in_and_dangerous, uniq_snorg

Skill      XL: |  1  2  3  4  5  6  7  8  9 10 11 12 |
---------------+-------------------------------------+-----
Long Blades    | 4 5 6 8 9 12 14 16 19 20 | 20.7
Armour         | 2 |  2.3
Dodging        | 2 |  2.3
Evocations     | 1 |  1.6
Fighting       | |  3.6

Action                   |  1- 3 |  4- 6 |  7- 9 | 10-12 || total
-------------------------+-------+-------+-------+-------++-------
Melee: Falchion          |    91 |   105 |   210 |    45 ||   451
       Tailslap          |     9 |    13 |    31 |    81 ||   134
       Unarmed           |       |       |     2 |       ||     2
       Long sword        |       |       |       |   404 ||   404
Throw: Throwing net      |       |       |       |     3 ||     3
Invok: Berserk           |     2 |     3 |    11 |     4 ||    20
       Trog's Hand       |       |       |     1 |       ||     1
       Brothers in Arms  |       |       |       |     1 ||     1
 Abil: Rolling Charge    |     5 |    15 |    11 |    46 ||    77
Evoke: Wand              |       |       |       |    10 ||    10
  Use: Potion            |       |     2 |     1 |     3 ||     6
       Scroll            |       |     1 |       |    12 ||    13
 Stab: Petrified         |       |       |       |     1 ||     1
       Held in net/web   |       |       |       |     1 ||     1
Armor: Animal skin       |    39 |     4 |       |       ||    43
       Ring mail         |       |    24 |    48 |       ||    72
       Skin              |       |    13 |     4 |       ||    17
       Scale mail        |       |       |     7 |   204 ||   211
Dodge: Dodged            |    40 |    29 |    56 |   106 ||   231

Table legend: (Time is in decaauts)
 A = Elapsed time spent in this place.
 B = Non-inter-level travel time spent in this place.
 C = Inter-level travel time spent in this place.
 D = Time resting spent in this place.
 E = Time spent auto-exploring this place.
 F = Levels seen in this place.
 G = Mean time per level.
                   A        B        C        D        E       F      G
               +--------+--------+--------+--------+--------+-----+--------+
         Total |  14082 |  13469 |    613 |   1720 |   9614 |  13 | 1083.2 |
       Dungeon |  12800 |  12187 |    613 |   1281 |   9058 |  12 | 1066.7 |
        Bailey |   1282 |   1282 |      0 |    439 |    555 |   1 | 1282.0 |
               +--------+--------+--------+--------+--------+-----+--------+

Top non-repeatable levels by time:
     D:9: 2183 daAuts
    D:11: 1526 daAuts
     D:6: 1327 daAuts
  Bailey: 1282 daAuts
     D:2: 1176 daAuts
     D:3: 1059 daAuts
     D:4: 1050 daAuts
     D:7: 1030 daAuts
     D:5: 974 daAuts
     D:8: 968 daAuts
     D:1: 728 daAuts
    D:10: 572 daAuts
    D:12: 199 daAuts
